[Event "11th Arad Open 2018"]
[Site "Arad"]
[Date "2018.08.12"]
[Round "9"]
[White "Chima, Radu-Niculin"]
[Black "Pisu, Robert-Daniel"]
[Result "1/2-1/2"]
[ECO "B12"]
[WhiteElo "2094"]
[BlackElo "2282"]
[Annotator "NA"]
[PlyCount "33"]
[EventDate "2018.08.05"]
[EventType "swiss"]
[EventCountry "ROU"]
[SourceTitle "playchess.com"]
[Source "ChessBase"]
[SourceQuality "1"]
[TimeControl "40/5400+30:1800+30"]

1. e4 c6 2. d4 d5 3. Nd2 g6 4. Ngf3 Bg7 5. c3 Nh6 6. Bd3 O-O 7. O-O dxe4 8. Nxe4 Nf5 9. Re1 Nd7 10. Bf4 Nf6 11. Be5 Nxe4 12. Bxe4 Nd6 13. Bxg7 Kxg7 14. Bd3 Bf5 15. Bxf5 Nxf5 16. Qb3 Qc7 17. d5 1/2-1/2

[Event "11th Arad Open 2018"]
[Site "Arad"]
[Date "2018.08.12"]
[Round "9"]
[White "Talu, Mircea"]
[Black "Cvetkovic, Srdjan"]
[Result "1/2-1/2"]
[ECO "D30"]
[WhiteElo "2092"]
[BlackElo "2252"]
[Annotator "NA"]
[PlyCount "28"]
[EventDate "2018.08.05"]
[EventType "swiss"]
[EventCountry "ROU"]
[SourceTitle "playchess.com"]
[Source "ChessBase"]
[SourceQuality "1"]
[TimeControl "40/5400+30:1800+30"]

1. d4 Nf6 2. c4 e6 3. Nf3 d5 4. Bg5 Be7 5. Nc3 Nbd7 6. cxd5 exd5 7. e3 c6 8. Bd3 Ne4 9. Bxe7 Qxe7 10. O-O Ndf6 11. Qc2 Bf5 12. Nd2 Nxd2 13. Qxd2 Bxd3 14. Qxd3 O-O 1/2-1/2

[Event "11th Arad Open 2018"]
[Site "Arad"]
[Date "2018.08.12"]
[Round "9"]
[White "Visanescu, Daria-Ioana"]
[Black "Geiger, Alex-Emanuel"]
[Result "1/2-1/2"]
[ECO "B22"]
[WhiteElo "2075"]
[BlackElo "2229"]
[Annotator "NA"]
[PlyCount "30"]
[EventDate "2018.08.05"]
[EventType "swiss"]
[EventCountry "ROU"]
[SourceTitle "playchess.com"]
[Source "ChessBase"]
[SourceQuality "1"]
[TimeControl "40/5400+30:1800+30"]

1. e4 c5 2. c3 d5 3. exd5 Qxd5 4. d4 e6 {[%emt 0:00:19] LiveBook: 1293 Games} 5. Nf3 $11 Nf6 6. Be2 Be7 7. Be3 O-O 8. O-O Rd8 9. c4 Qd7 10. Nc3 cxd4 11. Qxd4 Nc6 12. Qf4 Nh5 13. Qg4 Nf6 14. Qf4 Nh5 15. Qg4 Nf6 1/2-1/2

[Event "11th Arad Open 2018"]
[Site "Arad"]
[Date "2018.08.12"]
[Round "9"]
[White "Paraschiv, Paul-Alexandru"]
[Black "Stoleriu, George"]
[Result "0-1"]
[ECO "A46"]
[WhiteElo "2074"]
[BlackElo "2392"]
[Annotator "NA"]
[PlyCount "68"]
[EventDate "2018.08.05"]
[EventType "swiss"]
[EventCountry "ROU"]
[SourceTitle "playchess.com"]
[Source "ChessBase"]
[SourceQuality "1"]
[TimeControl "40/5400+30:1800+30"]

1. d4 Nf6 2. Nf3 e6 3. e3 b6 4. Bd3 Bb7 5. O-O g6 6. c4 Bg7 7. Nc3 d6 8. e4 O-O 9. h3 Nbd7 10. Re1 e5 11. d5 Nc5 12. b4 Nxd3 13. Qxd3 a5 14. bxa5 Rxa5 15. Bd2 Nd7 16. Nb5 Nc5 17. Qc2 Ra8 18. Nc3 Qd7 19. a4 f5 20. Reb1 Ba6 21. Rb4 fxe4 22. Nxe4 Qf5 23. Re1 Nxe4 24. Qxe4 Qxe4 25. Rxe4 Bc8 26. Re3 Bd7 27. Ra3 e4 28. Ng5 Rfe8 29. Bc3 Bxc3 30. Rab3 Bxb4 31. Rxb4 h6 32. Ne6 Bxe6 33. dxe6 Rxe6 34. Kf1 Rf8 0-1

[Event "11th Arad Open 2018"]
[Site "Arad"]
[Date "2018.08.12"]
[Round "9"]
[White "Bai, Adelard"]
[Black "Weinzettl, Ernst"]
[Result "1/2-1/2"]
[ECO "A05"]
[WhiteElo "2071"]
[BlackElo "2215"]
[Annotator "NA"]
[PlyCount "54"]
[EventDate "2018.08.05"]
[EventType "swiss"]
[EventCountry "ROU"]
[SourceTitle "playchess.com"]
[Source "ChessBase"]
[SourceQuality "1"]
[TimeControl "40/5400+30:1800+30"]

1. Nf3 Nf6 2. g3 g6 3. Bg2 Bg7 4. O-O O-O 5. d3 d5 6. Nbd2 c5 7. e4 Nc6 8. Re1 e6 9. c3 a5 10. e5 Ng4 11. d4 cxd4 12. cxd4 f6 13. h3 Nxf2 14. Kxf2 fxe5 15. Kg1 e4 16. Nxe4 dxe4 17. Rxe4 Rf5 18. Be3 Rd5 19. Bf1 Kh8 20. Bc4 Rf5 21. Nh4 Rf8 22. Qg4 Qe8 23. Qe2 Qd8 24. Qg4 Qd5 25. Bxd5 exd5 26. Nxg6+ hxg6 27. Qh4+ Kg8 1/2-1/2

[Event "11th Arad Open 2018"]
[Site "Arad"]
[Date "2018.08.12"]
[Round "9"]
[White "Craciun, Alexandru-Emilian"]
[Black "Abramciuc, Marius"]
[Result "1/2-1/2"]
[ECO "C89"]
[WhiteElo "2069"]
[BlackElo "2357"]
[Annotator "NA"]
[PlyCount "67"]
[EventDate "2018.08.05"]
[EventType "swiss"]
[EventCountry "ROU"]
[SourceTitle "playchess.com"]
[Source "ChessBase"]
[SourceQuality "1"]
[TimeControl "40/5400+30:1800+30"]

1. e4 e5 2. Nf3 Nc6 3. Bb5 a6 4. Ba4 Nf6 5. O-O Be7 6. Re1 b5 7. Bb3 O-O 8. c3 d5 9. d3 $11 {[%emt 0:02:05] LiveBook: 16 Games} dxe4 10. dxe4 Qxd1 11. Bxd1 Bb7 12. Bc2 h6 13. Nbd2 Rfe8 14. Nb3 Bf8 15. Be3 Nb8 16. Bc5 Nbd7 17. Bxf8 Kxf8 18. Nfd2 Rad8 19. a4 c5 20. axb5 axb5 21. Nf1 c4 22. Na5 Ba8 23. f3 Nc5 24. b3 cxb3 25. Nxb3 Rc8 26. Ra5 Nxb3 27. Bxb3 Bc6 28. Ne3 Ra8 29. Rea1 Rxa5 30. Rxa5 Rd8 31. Ra7 Be8 32. Nd5 Rc8 33. Nc7 Bd7 34. c4 1/2-1/2

[Event "11th Arad Open 2018"]
[Site "Arad"]
[Date "2018.08.12"]
[Round "9"]
[White "Solcanean, Serghei"]
[Black "Gheorghiu, Calin"]
[Result "0-1"]
[ECO "C11"]
[WhiteElo "2051"]
[BlackElo "2292"]
[Annotator "NA"]
[PlyCount "68"]
[EventDate "2018.08.05"]
[EventType "swiss"]
[EventCountry "ROU"]
[SourceTitle "playchess.com"]
[Source "ChessBase"]
[SourceQuality "1"]
[TimeControl "40/5400+30:1800+30"]

1. e4 e6 2. d4 d5 3. Nc3 Nf6 4. Bg5 dxe4 5. Nxe4 Be7 6. Bxf6 gxf6 7. Nf3 a6 8. c3 b6 9. Bd3 Bb7 10. Qe2 Nd7 11. O-O-O O-O 12. h4 f5 13. Ned2 c5 14. Nb3 Qc7 15. dxc5 Bxf3 16. Qxf3 bxc5 17. Nd2 Qa5 18. Bb1 Nf6 19. Nc4 Qb5 20. Qe2 Rfd8 21. Bxf5 Kf8 22. Bd3 Rab8 23. g4 Nd5 24. Qe4 Bf6 25. Rd2 Qa4 26. Bb1 Bxc3 27. Rc2 Bd4 28. b3 Qb4 29. Qxh7 Nc3 30. g5 Bg7 31. Rd2 Rxd2 32. Nxd2 Rd8 33. Qc2 Qa3+ 34. Qb2 Nxa2+ 0-1